 Dungeon Crawl Stone Soup version 0.32-a0-120-gfac0567ad4 (webtiles) character file.

Game seed: 9339822790161265550

78021 cforsyth the Warrior (level 16, -1/130 HPs)
             Began as a Djinni Warper on Feb 7, 2024.
             Was a Believer of Jiyva.
             Killed by an exploding ball lightning (29 damage)
             ... on level 11 of the Dungeon.
             The game lasted 01:11:21 (30863 turns).

cforsyth the Warrior (Djinni Warper)               Turns: 30863, Time: 01:11:25

Health: -1/130     AC: 11    Str: 12 (13) XL:     16   Next: 6%
Gold:   1034       EV: 17    Int: 25 (27) God:    Jiyva [**....] SH:  0 Dex: 18

rFire   + + +        b - +5 flail (freeze)
rCold   + . .        (no shield)
rNeg    . . .        u - +0 troll leather armour
rPois   ∞            g - +2 helmet
rElec   .            H - +1 cloak "Azerut Loosu" {+Blink rF+ rC+ Str+3}
rCorr   +            P - +2 pair of gloves {Dex+3}
SInv    .            (boots unavailable)
Will    +....        (no amulet)
Stlth   +            i - +6 ring of intelligence
HPRegen 2.17/turn    C - ring of protection from cold
MPRegen 0.00/turn

%: infuse magic (-2 HP)
@: flying
A: sickness immunity, fire resistance 2, cold vulnerability 1, float, innate
caster, HP casting, extra vitality 1, deterioration 1
a: Renounce Religion, Evoke Blink


You were on level 11 of the Dungeon.
You worshipped Jiyva.
Jiyva was pleased with you.
You visited 3 branches of the dungeon, and saw 17 of its levels.
You also visited: Sewer, Ossuary, Bailey and Ice Cave.

You collected 1034 gold pieces.


Innate Abilities, Weirdness & Mutations

You are immune to sickness and miasma.
You are immune to poison.
Your flesh is very heat resistant. (rF++)
You are vulnerable to cold. (rC-)
You float through the air rather than walking.
You learn spells naturally, not from books.
Your magical power is your life essence.
You have superior vitality. (+4 MHP)
Your body sometimes deteriorates upon taking damage.


   Skills:
 + Level 17.3 Fighting
 - Level 1.7 Long Blades
 - Level 0.7 Throwing
 - Level 1.0 Armour
 + Level 9.8 Dodging
 - Level 7.1 Shields
 + Level 13.6 Spellcasting
 + Level 13.6 Conjurations
 + Level 13.6 Hexes
 + Level 13.6 Summonings
 + Level 13.6 Necromancy
 + Level 13.6 Translocations
 + Level 13.6 Fire Magic
 + Level 13.6 Ice Magic
 + Level 13.6 Air Magic
 + Level 13.6 Earth Magic
 + Level 13.6 Alchemy


You knew the following spells:

 Your Spells              Type           Power      Damage    Failure   Level
c - Metabolic Englaciati  Hex/Ice        35%        N/A       1%          5
d - Magic Dart            Conj           100%       1d8       0%          1
g - Gell's Gravitas       Tloc           71%        N/A       1%          3
l - Lesser Beckoning      Tloc           100%       N/A       1%          2
m - Manifold Assault      Tloc           71%        N/A       1%          4
o - Olgreb's Toxic Radia  Alch           71%        N/A       1%          4
t - Teleport Other        Tloc           71%        N/A       1%          3
u - Passage of Golubria   Tloc           71%        N/A       1%          4
B - Blink                 Tloc           100%       N/A       1%          2
X - Vhi's Electric Charg  Tloc/Air       100%       N/A       1%          4
Y - Jinxbite              Hex            100%       N/A       1%          2
Z - Conjure Ball Lightni  Conj/Air       35%        3x3d11    2%          6
Your spell library was empty.

Inventory:

Hand Weapons
 a - the +5 rapier "Boijufea" {pain, rC+++ Will+ Dex+4}
   (You found it on level 10 of the Dungeon)

   Dex+4:     It affects your dexterity (+4).
   rC+++:     It renders you almost immune to cold.
   Will+:     It increases your willpower.
 b - a +5 flail of freezing (weapon)
 U - the +4 mace of Brutal Revenge {pain, rElec}
   (You found it on level 4 of the Lair of Beasts)

   rElec:     It insulates you from electricity.
Missiles
 d - 6 darts of dispersal {=f=f}
 f - 22 poisoned darts
 D - a curare-tipped dart {=f=f}
Armour
 g - a +2 helmet (worn)
 u - a +0 troll leather armour (worn)
 H - the +1 cloak "Azerut Loosu" (worn) {+Blink rF+ rC+ Str+3}
   (You found it on level 6 of the Dungeon)

   Str+3:     It affects your strength (+3).
   rF+:       It protects you from fire.
   rC+:       It protects you from cold.
   +Blink:    It lets you blink.
 J - a +2 robe of willpower
 O - a +1 leather armour
 P - a +2 pair of gloves of dexterity (worn)
 Z - the +0 ring mail of Zaklawula {rF+ rC+ rCorr}
   (You found it in an ice cave)

   rF+:       It protects you from fire.
   rC+:       It protects you from cold.
   rCorr:     It protects you from acid and corrosion.
Magical Staves
 N - a staff of earth {!a!a}
 T - a staff of death {!a!a}
 X - a staff of cold {!a!a}
Jewellery
 c - a ring of protection from cold
 i - a +6 ring of intelligence (left hand)
 C - a ring of protection from cold (right hand)
 S - a +6 ring of strength
 Y - the amulet of Reimbursement {Faith ^Contam rPois rN+ Dex+3}
   (You found it in an ice cave)

   [amulet of faith]

   Faith:     It allows you to gain divine favour quickly.
   Dex+3:     It affects your dexterity (+3).
   rPois:     It protects you from poison rN+: It protects you from negative
   energy.
   ^Contam:   It causes magical contamination when unequipped.
Wands
 r - a wand of paralysis (3)
 y - a wand of flame (20)
 K - a wand of polymorph (12)
Scrolls
 h - 5 scrolls of noise
 l - 4 scrolls of fog
 m - 6 scrolls of enchant weapon
 n - 3 scrolls of summoning
 p - a scroll of silence {!r!r}
 q - 8 scrolls of teleportation {@r2@r2}
 v - 3 scrolls of fear
 x - 7 scrolls of enchant armour
 A - 2 scrolls of immolation
 L - 3 scrolls of vulnerability
 M - 2 scrolls of poison
 R - a scroll of revelation
 V - 3 scrolls of identify {@r1@r1}
 W - a scroll of blinking
Potions
 e - 5 potions of mutation
 j - 2 potions of resistance
 k - 10 potions of curing {@q1@q1}
 o - 2 potions of attraction
 s - 2 potions of haste {@q3@q3}
 t - 4 potions of might
 w - a potion of cancellation
 z - a potion of heal wounds {@q2@q2}
 B - a potion of enlightenment
 E - a potion of invisibility
 F - 2 potions of brilliance
 G - 3 potions of lignification
 I - a potion of ambrosia
 Q - a potion of berserk rage {!q!q}

Dungeon Overview and Level Annotations

Branches:
Dungeon (11/15)            Temple (1/1) D:7            Lair (5/5) D:10
  Swamp (0/4) Lair:2       Spider (0/4) Lair:3        Slime (0/5) Lair:4
  Sewer (visited)         Ossuary (visited)          Bailey (visited)
  IceCv (visited)
    Orc: D:9-12

Altars:
Ashenzari
Cheibriados
Dithmenos
Elyvilon
Fedhas
Gozag
Hepliaklqana
Makhleb
Nemelex Xobeh
Okawaru
Qazlal
Ru
Trog
Uskayaw
Wu Jian
Xom
Yredelemnul
Zin
The Shining One
Jiyva

Shops:
D:1 [   D:9 :   D:11 *

Annotations:
Lair:5 exclusion: obsidian statue

##### #...# ########
######...# #......#
#........# #......#
#........# #......#
#....§...###......####
#...§@.z..............
#.....................
#.######...###########
# #...# # .....# #
..#...# # ...#...# #
## #...# # ##########


You could see a skeletal warrior.


Message History

The skeletal warrior hits you with a +0 dire flail! x2
You hit the skeletal warrior but do no damage.
The skeletal warrior is lightly damaged.
The skeletal warrior hits you with a +0 dire flail.
Casting: Manifold Assault (safe; 1% risk of failure)
Confirm with . or Enter, or press ? or * to list all spells.
You blink.
Casting: Blink (safe; 1% risk of failure)
Confirm with . or Enter, or press ? or * to list all spells.
You create some ball lightning!
* * * LOW HITPOINT WARNING * * *
3 ball lightnings come into view.
You feel ready to blink again.
Your ball lightning explodes!
The blast of lightning engulfs you!!
* * * LOW HITPOINT WARNING * * *
Your body deteriorates!
You feel dopey.
The blast of lightning engulfs your ball lightning.
The blast of lightning engulfs the skeletal warrior!
The skeletal warrior is moderately damaged.
Your ball lightning explodes!
The blast of lightning engulfs your ball lightning.
The blast of lightning engulfs you!
* * * LOW HITPOINT WARNING * * *
The blast of lightning engulfs the skeletal warrior.
The skeletal warrior is moderately damaged.
Your ball lightning explodes!
The blast of lightning engulfs you!!
You die...
Jiyva sends a jelly to digest your equipment.

Skill      XL: |  1  2  3  4  5  6  7  8  9 10 11 12 13 14 15 |
---------------+----------------------------------------------+-----
Spellcasting   | 3 4 5 6 7 9 10 11 12 13 | 13.6
Conjurations   | 3 4 5 6 7 9 10 11 12 13 | 13.6
Hexes          | 3 4 5 6 7 9 10 11 12 13 | 13.6
Summonings     | 3 4 5 6 7 9 10 11 12 13 | 13.6
Necromancy     | 3 4 5 6 7 9 10 11 12 13 | 13.6
Translocations | 3 4 5 6 7 9 10 11 12 13 | 13.6
Fire Magic     | 3 4 5 6 7 9 10 11 12 13 | 13.6
Ice Magic      | 3 4 5 6 7 9 10 11 12 13 | 13.6
Air Magic      | 3 4 5 6 7 9 10 11 12 13 | 13.6
Earth Magic    | 3 4 5 6 7 9 10 11 12 13 | 13.6
Alchemy        | 3 4 5 6 7 9 10 11 12 13 | 13.6
Fighting       | 3 4 5 6 7 9 11 13 14 16 17 | 17.3
Dodging        | 6 9 |  9.8
Shields        | 7 |  7.1
Long Blades    | |  1.7
Throwing       | |  0.7
Armour         | |  1.0

Action                     |  1- 3 |  4- 6 |  7- 9 | 10-12 | 13-15 | 16-18 || total
---------------------------+-------+-------+-------+-------+-------+-------++-------
  Melee: Falchion          |    51 |     4 |    20 |       |       |       ||    75
         Short sword       |       |       |   124 |     1 |       |       ||   125
         Punch             |       |       |     7 |    28 |     2 |       ||    37
         Flail             |       |       |       |   252 |       |    87 ||   339
         Rapier            |       |       |       |   304 |  1010 |       ||  1314
         Mace              |       |       |       |       |   135 |       ||   135
  Throw: Dart              |     1 |       |       |       |       |       ||     1
   Cast: Magic Dart        |    46 |   159 |   470 |   151 |       |       ||   826
         Teleport Other    |       |     1 |    11 |    27 |     3 |       ||    42
         Gell's Gravitas   |       |       |     6 |       |       |       ||     6
         Blink             |       |       |     2 |     6 |     5 |     1 ||    14
         Passage of Golubr |       |       |     1 |     2 |     1 |       ||     4
         Olgreb's Toxic Ra |       |       |       |    36 |       |       ||    36
         Manifold Assault  |       |       |       |   185 |   749 |    47 ||   981
         Metabolic Englaci |       |       |       |       |    87 |     1 ||    88
         Conjure Ball Ligh |       |       |       |       |    37 |     3 ||    40
 Invoke: Renounce Religion |       |       |       |     1 |       |       ||     1
    Use: Scroll            |       |       |     4 |    26 |     7 |       ||    37
         Potion            |       |       |     3 |     1 |     1 |       ||     5
   Stab: Sleeping          |       |       |     1 |       |       |       ||     1
 Armour: Leather armour    |    44 |    23 |   312 |       |       |       ||   379
         Robe              |       |       |       |   161 |       |       ||   161
         Troll leather arm |       |       |       |   257 |   277 |    31 ||   565
  Dodge: Dodged            |    29 |    28 |   278 |   295 |   158 |    31 ||   819

Levels and vault maps discovered:
D:1:      dpeg_arrival_renting, layout_rooms, serial_shops,
          nicolae_shop_competitors_out_of_business
D:2:      layout_loops_ring, nicolae_houndstooth_variations
D:3:      layout_rooms, zin_statuary, mainiacjoe_overflow_catch_the_wave
D:4:      layout_gridville
D:5:      layout_loops_ring, fiery_altar_vehumet,
          mainiacjoe_overflow_surrounded_room, kennysheep_little_box,
          mainiacjoe_sewer_entry_somewhere_in_here_1, biasface_ghost_orc_armoury
D:6:      layout_basic, nicolae_ossuary_entry_giza
D:7:      layout_loops_corners, minmay_temple_entry_trees,
          chequers_serial_rivers_small_3, uniq_menkaure, uniq_duvessa,
          uniq_joseph, uniq_jeremiah
D:8:      layout_gridville
D:9:      layout_long_grid, general_overflow_altar, xom_confusion_cloud,
          serial_undead, serial_undead_b, serial_undead_e, serial_undead_d,
          serial_undead_c, serial_undead_c, serial_undead_e, serial_undead_a,
          enter_bailey_5, serial_shops, nicolae_shop_tiny_glass, minmay_puff
D:10:     minmay_the_grid_triangle_9x9_rhombus_full
          [minmay_the_grid_triangle_9x9_odd_lines,
          minmay_the_grid_triangle_9x9_minimal,
          minmay_the_grid_triangle_9x9_skeleton,
          minmay_the_grid_triangle_9x9_zippers_vertical,
          minmay_the_grid_triangle_9x9_corrupted_corridor,
          minmay_the_grid_triangle_9x9_impossible_snake,
          minmay_the_grid_triangle_9x9_stretched_checkered,
          minmay_the_grid_triangle_9x9_prize_center], layout_gridville,
          lair_entry_dummy
D:11:     layout_irregular_city, monkooky_shop_mail_order
Temple:   nicolae_temple_superstar
Lair:1:   layout_layer_cave
Lair:2:   layout_chaotic_city, minmay_swamp_entry_worms
Lair:3:   layout_chaotic_city, nicolae_spider_entry_orb_guardian
Lair:4:   layout_regular_city, nicolae_slime_entry_field_trip
Lair:5:   due_jungle_book, layout_hall_layers, portal_ice_cave_entry_imps,
          lemuel_fruit_fields

Notes
Turn   | Place    | Note
-------+----------+-------------------------------------------
     0 | D:1      | cforsyth the Djinni Warper began the quest for the Orb.
     0 | D:1      | cforsyth set off with the following spells memorised:
                  | Blink, Lesser Beckoning, Teleport Other, Manifold Assault,
                  | Vhi's Electric Charge.
     0 | D:1      | Reached XP level 1. HP: 18/18 MP: 0/0
    28 | D:1      | Reached skill level 3 in Spellcasting
    28 | D:1      | Reached skill level 3 in Conjurations
    28 | D:1      | Reached skill level 3 in Hexes
    28 | D:1      | Reached skill level 3 in Summonings
    28 | D:1      | Reached skill level 3 in Necromancy
    28 | D:1      | Reached skill level 3 in Translocations
    28 | D:1      | Reached skill level 3 in Fire Magic
    28 | D:1      | Reached skill level 3 in Ice Magic
    28 | D:1      | Reached skill level 3 in Air Magic
    28 | D:1      | Reached skill level 3 in Earth Magic
    28 | D:1      | Reached skill level 3 in Alchemy
   121 | D:1      | Reached XP level 2. HP: 12/23 MP: 0/0
   324 | D:1      | Reached XP level 3. HP: 29/29 MP: 0/0
   324 | D:1      | Learned a level 1 spell: Magic Dart
   393 | D:1      | Found Carecs's Antique Armour Shop.
   797 | D:2      | Reached skill level 3 in Fighting
   928 | D:2      | Reached XP level 4. HP: 30/35 MP: 0/0
  1419 | D:2      | Reached XP level 5. HP: 39/40 MP: 0/0
  1419 | D:2      | Learned a level 2 spell: Jinxbite
  1751 | D:3      | Reached skill level 4 in Fighting
  1757 | D:3      | Reached skill level 4 in Spellcasting
  1757 | D:3      | Reached skill level 4 in Conjurations
  1757 | D:3      | Reached skill level 4 in Hexes
  1757 | D:3      | Reached skill level 4 in Summonings
  1757 | D:3      | Reached skill level 4 in Necromancy
  1757 | D:3      | Reached skill level 4 in Translocations
  1757 | D:3      | Reached skill level 4 in Fire Magic
  1757 | D:3      | Reached skill level 4 in Ice Magic
  1757 | D:3      | Reached skill level 4 in Air Magic
  1757 | D:3      | Reached skill level 4 in Earth Magic
  1757 | D:3      | Reached skill level 4 in Alchemy
  1884 | D:3      | Found a glowing silver altar of Zin.
  1997 | D:3      | Found a burning altar of Makhleb.
  2004 | D:3      | Found a shadowy altar of Dithmenos.
  2216 | D:4      | Reached XP level 6. HP: 40/48 MP: 0/0
  2721 | D:4      | Reached skill level 5 in Fighting
  2917 | D:4      | Reached XP level 7. HP: 32/54 MP: 0/0
  2917 | D:4      | Learned a level 3 spell: Gell's Gravitas
  3154 | D:5      | Entered Level 5 of the Dungeon
  3181 | D:5      | Reached skill level 5 in Spellcasting
  3181 | D:5      | Reached skill level 5 in Conjurations
  3181 | D:5      | Reached skill level 5 in Hexes
  3181 | D:5      | Reached skill level 5 in Summonings
  3181 | D:5      | Reached skill level 5 in Necromancy
  3181 | D:5      | Reached skill level 5 in Translocations
  3181 | D:5      | Reached skill level 5 in Fire Magic
  3181 | D:5      | Reached skill level 5 in Ice Magic
  3181 | D:5      | Reached skill level 5 in Air Magic
  3181 | D:5      | Reached skill level 5 in Earth Magic
  3181 | D:5      | Reached skill level 5 in Alchemy
  3190 | D:5      | HP: 5/55 [something (1)]
  3381 | D:5      | Found a runed translucent gate.
  3382 | D:5      | Found a runed translucent gate.
  3382 | D:5      | Identified the +2 spear of Isoa {pain, ^Contam rF+ Dex+5}
  3382 | D:5      | Identified the +0 leather armour "Iromercha" {rN+ Str+3}
  3382 | D:5      | Noticed Newt's ghost (amateur KoHu)
  3383 | D:5      | Found a runed translucent gate.
  3446 | D:5      | Reached skill level 6 in Fighting
  3628 | D:5      | Found a glowing drain.
  3634 | Sewer    | Entered a sewer
  3867 | Sewer    | Reached XP level 8. HP: 52/61 MP: 0/0
  4855 | D:5      | Reached skill level 7 in Fighting
  4898 | D:5      | Found a stormy altar of Qazlal.
  5001 | D:5      | Found an opulent altar of Gozag.
  5033 | D:5      | Reached skill level 6 in Spellcasting
  5033 | D:5      | Reached skill level 6 in Conjurations
  5033 | D:5      | Reached skill level 6 in Hexes
  5033 | D:5      | Reached skill level 6 in Summonings
  5033 | D:5      | Reached skill level 6 in Necromancy
  5033 | D:5      | Reached skill level 6 in Translocations
  5033 | D:5      | Reached skill level 6 in Fire Magic
  5033 | D:5      | Reached skill level 6 in Ice Magic
  5033 | D:5      | Reached skill level 6 in Air Magic
  5033 | D:5      | Reached skill level 6 in Earth Magic
  5033 | D:5      | Reached skill level 6 in Alchemy
  6721 | D:6      | Reached XP level 9. HP: 30/70 MP: 0/0
  6721 | D:6      | Learned a level 4 spell: Passage of Golubria
  6826 | D:6      | Found a sand-covered staircase.
  6904 | Ossuary  | Entered an ossuary
  7077 | Ossuary  | Reached skill level 8 in Fighting
  8389 | D:6      | Reached skill level 7 in Spellcasting
  8389 | D:6      | Reached skill level 7 in Conjurations
  8389 | D:6      | Reached skill level 7 in Hexes
  8389 | D:6      | Reached skill level 7 in Summonings
  8389 | D:6      | Reached skill level 7 in Necromancy
  8389 | D:6      | Reached skill level 7 in Translocations
  8389 | D:6      | Reached skill level 7 in Fire Magic
  8389 | D:6      | Reached skill level 7 in Ice Magic
  8389 | D:6      | Reached skill level 7 in Air Magic
  8389 | D:6      | Reached skill level 7 in Earth Magic
  8389 | D:6      | Reached skill level 7 in Alchemy
  8768 | D:6      | Identified the +1 cloak "Azerut Loosu" {+Blink rF+ rC+
                  | Str+3}
  8819 | D:6      | Reached skill level 9 in Fighting
  9415 | D:7      | Found a staircase to the Ecumenical Temple.
  9433 | Temple   | Entered the Ecumenical Temple
  9480 | Temple   | Became a worshipper of the Shining One
 10146 | D:7      | Noticed Joseph
 11451 | D:8      | Reached XP level 10. HP: 38/79 MP: 0/0
 11806 | D:7      | Noticed Jeremiah
 12303 | D:7      | Reached skill level 10 in Fighting
 12347 | D:7      | Reached * piety under the Shining One
 12356 | D:7      | Reached skill level 8 in Spellcasting
 12356 | D:7      | Reached skill level 8 in Conjurations
 12356 | D:7      | Reached skill level 8 in Hexes
 12356 | D:7      | Reached skill level 8 in Summonings
 12356 | D:7      | Reached skill level 8 in Necromancy
 12356 | D:7      | Reached skill level 8 in Translocations
 12356 | D:7      | Reached skill level 8 in Fire Magic
 12356 | D:7      | Reached skill level 8 in Ice Magic
 12356 | D:7      | Reached skill level 8 in Air Magic
 12356 | D:7      | Reached skill level 8 in Earth Magic
 12356 | D:7      | Reached skill level 8 in Alchemy
 12940 | D:7      | Killed Jeremiah
 13192 | D:7      | Killed Joseph
 14127 | D:7      | Noticed Duvessa
 14127 | D:7      | Noticed Dowan
 14239 | D:8      | Reached ** piety under the Shining One
 14457 | D:7      | Killed Dowan
 14458 | D:7      | Reached skill level 11 in Fighting
 15064 | D:7      | Noticed Menkaure
 15076 | D:7      | Killed Menkaure
 15424 | D:9      | Found a shimmering altar of Xom.
 15439 | D:9      | Reached skill level 9 in Spellcasting
 15439 | D:9      | Reached skill level 9 in Conjurations
 15439 | D:9      | Reached skill level 9 in Hexes
 15439 | D:9      | Reached skill level 9 in Summonings
 15439 | D:9      | Reached skill level 9 in Necromancy
 15439 | D:9      | Reached skill level 9 in Translocations
 15439 | D:9      | Reached skill level 9 in Fire Magic
 15439 | D:9      | Reached skill level 9 in Ice Magic
 15439 | D:9      | Reached skill level 9 in Air Magic
 15439 | D:9      | Reached skill level 9 in Earth Magic
 15439 | D:9      | Reached skill level 9 in Alchemy
 15444 | D:9      | Identified 2 potions of resistance
 15468 | D:9      | Reached XP level 11. HP: 39/87 MP: 0/0
 15468 | D:9      | Learned a level 4 spell: Olgreb's Toxic Radiance
 15557 | D:9      | Found a flagged portal.
 15563 | D:9      | Reached *** piety under the Shining One
 15568 | Bailey   | Entered a bailey
 15813 | Bailey   | Reached skill level 12 in Fighting
 15955 | Bailey   | Noticed a vault guard
 16009 | Bailey   | Noticed Prince Ribbit
 16029 | Bailey   | Killed Prince Ribbit
 16038 | Bailey   | Killed a vault guard
 16163 | Bailey   | Noticed a vault guard
 16191 | Bailey   | Killed a vault guard
 16192 | Bailey   | Reached skill level 10 in Spellcasting
 16192 | Bailey   | Reached skill level 10 in Conjurations
 16192 | Bailey   | Reached skill level 10 in Hexes
 16192 | Bailey   | Reached skill level 10 in Summonings
 16192 | Bailey   | Reached skill level 10 in Necromancy
 16192 | Bailey   | Reached skill level 10 in Translocations
 16192 | Bailey   | Reached skill level 10 in Fire Magic
 16192 | Bailey   | Reached skill level 10 in Ice Magic
 16192 | Bailey   | Reached skill level 10 in Air Magic
 16192 | Bailey   | Reached skill level 10 in Earth Magic
 16192 | Bailey   | Reached skill level 10 in Alchemy
 16498 | D:9      | Reached skill level 13 in Fighting
 16543 | D:9      | Found Zecoss's Book Boutique.
 16873 | D:9      | Reached **** piety under the Shining One
 16918 | D:9      | Reached XP level 12. HP: 77/98 MP: 0/0
 17305 | D:9      | Found a hide-covered altar of Uskayaw.
 17508 | D:10     | Entered Level 10 of the Dungeon
 17620 | D:10     | Identified the +5 rapier "Boijufea" {pain, rC+++ Will+
                  | Dex+4}
 17623 | D:10     | Fell from the grace of the Shining One
 17679 | D:10     | Found a staircase to the Lair.
 17986 | D:10     | Noticed a two-headed ogre
 17999 | D:10     | Killed a two-headed ogre
 18323 | D:10     | Noticed a centaur warrior
 18500 | D:10     | Reached skill level 14 in Fighting
 18500 | D:10     | Reached skill level 11 in Spellcasting
 18500 | D:10     | Reached skill level 11 in Conjurations
 18500 | D:10     | Reached skill level 11 in Hexes
 18500 | D:10     | Reached skill level 11 in Summonings
 18500 | D:10     | Reached skill level 11 in Necromancy
 18500 | D:10     | Reached skill level 11 in Translocations
 18500 | D:10     | Reached skill level 11 in Fire Magic
 18500 | D:10     | Reached skill level 11 in Ice Magic
 18500 | D:10     | Reached skill level 11 in Air Magic
 18500 | D:10     | Reached skill level 11 in Earth Magic
 18500 | D:10     | Reached skill level 11 in Alchemy
 18769 | D:10     | Identified the ring "Sug Uruc" {rPois rC+ Will+++ Dex-3
                  | Stlth+}
 18769 | D:10     | Noticed a skeletal warrior
 19017 | D:11     | Identified a potion of experience
 19067 | D:11     | Noticed a boulder beetle
 19473 | D:11     | Noticed a skeletal warrior
 19530 | D:11     | Noticed a two-headed ogre
 19534 | D:11     | Killed a two-headed ogre
 19641 | Lair:1   | Entered Level 1 of the Lair of Beasts
 20675 | Lair:1   | Reached XP level 13. HP: 69/106 MP: 0/0
 20675 | Lair:1   | Learned a level 5 spell: Metabolic Englaciation
 21123 | Lair:2   | Noticed a four-headed hydra
 21130 | Lair:2   | Killed a four-headed hydra
 21131 | Lair:2   | Reached skill level 15 in Fighting
 21329 | Lair:2   | Noticed a five-headed hydra
 21354 | Lair:2   | Killed a five-headed hydra
 21636 | Lair:2   | Reached skill level 12 in Spellcasting
 21636 | Lair:2   | Reached skill level 12 in Conjurations
 21636 | Lair:2   | Reached skill level 12 in Hexes
 21636 | Lair:2   | Reached skill level 12 in Summonings
 21636 | Lair:2   | Reached skill level 12 in Necromancy
 21636 | Lair:2   | Reached skill level 12 in Translocations
 21636 | Lair:2   | Reached skill level 12 in Fire Magic
 21636 | Lair:2   | Reached skill level 12 in Ice Magic
 21636 | Lair:2   | Reached skill level 12 in Air Magic
 21636 | Lair:2   | Reached skill level 12 in Earth Magic
 21636 | Lair:2   | Reached skill level 12 in Alchemy
 21863 | Lair:2   | Found a staircase to the Swamp.
 21966 | Lair:2   | Identified the +3 scale mail of the Learner {Harm ^Drain
                  | rC+ Int+5}
 22102 | Lair:3   | Reached skill level 3 in Dodging
 22349 | Lair:3   | Reached skill level 4 in Dodging
 22442 | Lair:3   | Found a hole to the Spider Nest.
 22646 | Lair:3   | Reached skill level 5 in Dodging
 22824 | Lair:3   | Noticed a catoblepas
 22863 | Lair:3   | Killed a catoblepas
 23292 | Lair:4   | Identified the +4 mace of Brutal Revenge {pain, rElec}
 23362 | Lair:4   | Reached skill level 16 in Fighting
 23424 | Lair:4   | Found a staircase to the Slime Pits.
 23557 | Lair:4   | Reached skill level 6 in Dodging
 23787 | Lair:4   | Reached XP level 14. HP: 81/116 MP: 0/0
 23787 | Lair:4   | Reached skill level 7 in Shields
 23787 | Lair:4   | Reached XP level 15. HP: 85/121 MP: 0/0
 23787 | Lair:4   | Learned a level 6 spell: Conjure Ball Lightning
 24241 | Lair:4   | Found a viscous altar of Jiyva.
 24641 | Lair:5   | Entered Level 5 of the Lair of Beasts
 24704 | Lair:5   | Found a frozen archway.
 24706 | Lair:5   | Found the +4 robe of Folly {Brill Will-∞ Int+8}
 24804 | IceCv    | Entered an ice cave
 24846 | IceCv    | Reached skill level 7 in Dodging
 26182 | IceCv    | Noticed a quicksilver ooze
 26190 | IceCv    | Killed a quicksilver ooze
 26194 | IceCv    | Noticed a quicksilver ooze
 26294 | IceCv    | Noticed a quicksilver ooze
 26296 | IceCv    | Killed a quicksilver ooze
 26323 | IceCv    | Killed a quicksilver ooze
 26324 | IceCv    | Reached skill level 13 in Spellcasting
 26324 | IceCv    | Reached skill level 13 in Conjurations
 26324 | IceCv    | Reached skill level 13 in Hexes
 26324 | IceCv    | Reached skill level 13 in Summonings
 26324 | IceCv    | Reached skill level 13 in Necromancy
 26324 | IceCv    | Reached skill level 13 in Translocations
 26324 | IceCv    | Reached skill level 13 in Fire Magic
 26324 | IceCv    | Reached skill level 13 in Ice Magic
 26324 | IceCv    | Reached skill level 13 in Air Magic
 26324 | IceCv    | Reached skill level 13 in Earth Magic
 26324 | IceCv    | Reached skill level 13 in Alchemy
 26444 | IceCv    | Noticed a quicksilver ooze
 26445 | IceCv    | Noticed an azure jelly
 26449 | IceCv    | Killed an azure jelly
 26486 | IceCv    | Found a viscous altar of Jiyva.
 26492 | IceCv    | Killed a quicksilver ooze
 26493 | IceCv    | Reached skill level 8 in Dodging
 26540 | IceCv    | Identified the +0 ring mail of Zaklawula {rF+ rC+ rCorr}
 26541 | IceCv    | Identified the amulet of Reimbursement {Faith ^Contam rPois
                  | rN+ Dex+3}
 26554 | IceCv    | Became a worshipper of Jiyva Jeejuff the Shapeless
 27080 | Lair:5   | Reached * piety under Jiyva
 27623 | Lair:5   | Reached skill level 17 in Fighting
 27741 | Lair:5   | Reached skill level 9 in Dodging
 27929 | Lair:5   | Was placed under penance by Jiyva
 27984 | Lair:5   | Gained mutation: Your body sometimes deteriorates upon
                  | taking damage. [the all-consuming vengeance of Jiyva]
 28286 | Lair:5   | Was forgiven by Jiyva
 28936 | D:7      | Killed Duvessa
 28989 | D:7      | Found a staircase to the Ecumenical Temple.
 30020 | D:4      | Killed Newt's ghost
 30451 | D:11     | Reached XP level 16. HP: 69/130 MP: 0/0
 30746 | D:11     | Found Deb Akag's Mail-Order Catalogue.
 30774 | D:11     | Reached ** piety under Jiyva
 30863 | D:11     | Killed by an exploding ball lightning

Vanquished Creatures
  An azure jelly (IceCv)
  4 quicksilver oozes (IceCv)
  2 dire elephants (Lair:5)
  2 vault guards (Bailey)
  5 hydras
  A catoblepas (Lair:3)
  2 two-headed ogres
  A boulder beetle (D:11)
  A death yak (Lair:5)
  2 skeletal warriors (D:11)
  A spectral anaconda (Lair:5)
  An orb spider (Lair:3)
  3 necromancers (Lair:5)
  An oklob plant (Lair:3)
  An ugly thing (D:10)
  5 elephants (Lair:5)
  5 black mambas
  3 ice statues (IceCv)
  Joseph (D:7)
  A dire elephant zombie (Lair:5)
  7 cane toads
  A torpor snail (Lair:5)
  Jeremiah (D:7)
  A dire elephant skeleton (Lair:5)
  2 rime drakes
  8 komodo dragons
  An unseen horror zombie (D:9)
  4 trolls
  2 tyrant leeches (Lair:2)
  2 hornets
  21 blink frogs
  A spectral elephant (Lair:5)
  Prince Ribbit (Bailey)
  The ghost of Newt the Skirmisher, an amateur KoHu (D:4)
  17 dream sheep
  11 slime creatures (IceCv)
  3 shadows
  A wraith (D:11)
  A vampire (D:11)
  A basilisk (Lair:1)
  5 wyverns
  42 yaks
  7 humans (Bailey)
  A steam dragon (D:8)
  5 vampire mosquitoes
  Menkaure (D:7)
  2 swamp worms (Lair:2)
  An acid dragon (D:10)
  A spectral cane toad (Lair:5)
  Duvessa (D:7)
  2 great orb of eyes simulacra (IceCv)
  17 water moccasins
  5 orc warriors
  3 elephant zombies (Lair:5)
  A hornet zombie (D:9)
  A sky beast (D:6)
  2 ogres
  3 black bears
  A centaur (D:5)
  5 wolves (Lair:3)
  2 phantoms
  4 kobold brigands
  27 bullfrogs
  A gnoll sergeant (D:10)
  2 glowing shapeshifter simulacra (IceCv)
  3 scorpions
  33 wights
  Dowan (D:7)
  An elephant simulacrum (Lair:5)
  4 killer bees (D:9)
  5 bombardier beetles
  6 howler monkeys
  3 bullfrog zombies (Ossuary)
  5 centaur zombies (D:9)
  2 hounds
  2 orc priests
  6 jellies
  5 iguanas
  5 orc wizards
  6 hell rats (Lair:4)
  A shapeshifter simulacrum (IceCv)
  3 killer bee zombies
  2 crocodile zombies (Ossuary)
  5 hound zombies (Ossuary)
  5 howler monkey zombies
  7 mummies
  16 gnolls
  14 adders
  3 river rats (Sewer)
  13 white imps
  2 ufetubi (D:7)
  5 dart slugs
  26 orcs
  16 ball pythons
  5 endoplasms
  5 giant cockroaches
  14 goblins
  9 hobgoblins
  3 jackals (D:2)
  3 quokkas
  6 ball python zombies (Ossuary)
  11 bats
  6 frilled lizards
  A goblin zombie (D:6)
  17 kobolds
  A kobold zombie (D:6)
  18 rats
  A butterfly (Lair:5)
577 creatures vanquished.

Vanquished Creatures (collateral kills)
  An unseen horror zombie (D:9)
  A troll (D:9)
  A bullfrog (D:9)
  A ball lightning (D:11)
4 creatures vanquished.

Vanquished Creatures (others)
  A troll (D:9)
  A dream sheep (Lair:5)
  2 yaks (D:9)
  An orc warrior (D:9)
  2 kobold brigands (D:9)
  A gnoll sergeant (D:9)
  An elephant simulacrum (Lair:5)
  15 jellies
  An orc wizard (D:9)
  An iguana (D:5)
  108 ball lightnings
134 creatures vanquished.

Grand Total: 715 creatures vanquished

Table legend: (Time is in decaauts)
 A = Elapsed time spent in this place.
 B = Non-inter-level travel time spent in this place.
 C = Inter-level travel time spent in this place.
 D = Time resting spent in this place.
 E = Time spent auto-exploring this place.
 F = Levels seen in this place.
 G = Mean time per level.
                   A        B        C        D        E       F      G
               +--------+--------+--------+--------+--------+-----+--------+
         Total |  31253 |  30485 |    768 |   6405 |  17258 |  21 | 1488.2 |
       Dungeon |  17710 |  17188 |    522 |   3210 |  10303 |  11 | 1610.0 |
        Temple |   1542 |   1529 |     13 |   1308 |     83 |   1 | 1542.0 |
          Lair |   7426 |   7193 |    233 |    612 |   4871 |   5 | 1485.2 |
         Sewer |    727 |    727 |      0 |     66 |    496 |   1 |  727.0 |
       Ossuary |   1256 |   1256 |      0 |    136 |    846 |   1 | 1256.0 |
        Bailey |    751 |    751 |      0 |    343 |    197 |   1 |  751.0 |
      Ice Cave |   1838 |   1838 |      0 |    730 |    462 |   1 | 1838.0 |
               +--------+--------+--------+--------+--------+-----+--------+

Top non-repeatable levels by time:
     D:7: 3432 daAuts
     D:6: 2808 daAuts
     D:5: 2454 daAuts
  Lair:5: 2163 daAuts
     D:4: 1841 daAuts
   IceCv: 1838 daAuts
  Temple: 1542 daAuts
  Lair:3: 1532 daAuts
  Lair:1: 1494 daAuts
     D:9: 1441 daAuts
    D:10: 1427 daAuts
    D:11: 1290 daAuts
 Ossuary: 1256 daAuts
  Lair:4: 1242 daAuts
  Lair:2: 992 daAuts

Table legend:
 A = Non-vault XP
 B = Vault XP
 C = Vault XP percentage of total XP
 D = Non-vault monster count
 E = Vault monster count
 F = Vault count percentage of total count
                 A         B        C        D         E       F
            +---------+---------+-------+---------+---------+-------
      Total |   52661 |   31542 |  37.5 |     373 |     205 |  35.5
            +---------+---------+-------+---------+---------+-------
        D:1 |      42 |       0 |   0.0 |      23 |       0 |   0.0
        D:2 |     103 |       0 |   0.0 |      23 |       0 |   0.0
        D:3 |      83 |       0 |   0.0 |      17 |       0 |   0.0
        D:4 |     325 |     253 |  43.8 |      16 |       3 |  15.8
        D:5 |     936 |      77 |   7.6 |      24 |      12 |  33.3
        D:6 |     904 |      20 |   2.2 |      15 |       3 |  16.7
        D:7 |    1629 |    1221 |  42.8 |      34 |       5 |  12.8
        D:8 |     971 |       0 |   0.0 |      14 |       0 |   0.0
        D:9 |    1873 |    2454 |  56.7 |      13 |      25 |  65.8
       D:10 |    3840 |    1629 |  29.8 |      29 |       8 |  21.6
       D:11 |    6217 |       0 |   0.0 |      24 |       0 |   0.0
     Temple |     228 |       0 |   0.0 |       3 |       0 |   0.0
     Lair:1 |    3942 |       0 |   0.0 |      19 |       0 |   0.0
     Lair:2 |    3946 |     899 |  18.6 |      14 |       4 |  22.2
     Lair:3 |    8614 |     713 |   7.6 |      37 |       1 |   2.6
     Lair:4 |    7308 |     125 |   1.7 |      31 |       3 |   8.8
     Lair:5 |   11700 |    8725 |  42.7 |      37 |      32 |  46.4
      Sewer |       0 |     310 | 100.0 |       0 |      33 | 100.0
    Ossuary |       0 |     577 | 100.0 |       0 |      27 | 100.0
     Bailey |       0 |    4151 | 100.0 |       0 |      25 | 100.0
      IceCv |       0 |   10388 | 100.0 |       0 |      24 | 100.0
            +---------+---------+-------+---------+---------+-------
